 Dungeon Crawl Stone Soup version 0.17.1-3-g152610e (webtiles) character file.

886 sveltemanboy the Cleaver (level 8, 0/62 HPs)
             Began as a Hill Orc Gladiator on Apr 28, 2016.
             Was a Follower of Qazlal.
             Slain by an orc warrior
             ... wielding a +0 glaive
              (24 damage)
             ... on level 6 of the Dungeon.
             The game lasted 00:12:41 (4780 turns).

sveltemanboy the Cleaver (Hill Orc Gladiator)       Turns: 4780, Time: 00:12:41

Health: 0/62       AC: 11    Str: 23    XL:     8   Next: 5%
Magic:  10/10      EV: 11    Int:  8    God:    Qazlal [*.....]
Gold:   283        SH:  2    Dex: 13    Spells: 0 memorised, 7 levels left

rFire  + . .     SeeInvis .     a - +0 broad axe
rCold  . . .     Clarity  .     u - +0 chain mail
rNeg   . . .     SustAt   .     (no shield)
rPois  +         Gourm    .     c - +1 helmet
rElec  .         Spirit   .     (no cloak)
rCorr  .         Warding  .     (no gloves)
rMut   .         Stasis   .     (no boots)
MR     .....                    (no amulet)
Stlth  ..........               r - ring of poison resistance
                                q - +3 ring of strength

@: not resistant to hostile enchantments, extremely unstealthy
A: repulsion field 1, agile 1, deterioration 1, fire resistance 1, low mp 1, no
device heal 1
a: Renounce Religion


You were on level 6 of the Dungeon.
You worshipped Qazlal.
Qazlal was aware of your devotion.
You were hungry.

You visited 1 branch of the dungeon, and saw 6 of its levels.

You collected 325 gold pieces.
You spent 42 gold pieces at shops.

Inventory:

Hand Weapons
 a - a +0 broad axe (weapon)
Missiles
 B - 3 tomahawks (quivered)
Armour
 c - a +1 helmet (worn)
 u - a +0 chain mail (worn)
Jewellery
 k - an uncursed ring of flight
 n - an uncursed ring of ice
 q - a +3 ring of strength (left hand)
 r - a ring of poison resistance (right hand)
Wands
 b - a wand of enslavement (16)
 d - a wand of random effects (24)
Scrolls
 h - 4 scrolls of identify
 s - 2 scrolls of blinking
 v - 2 scrolls of enchant weapon
 y - a scroll of amnesia
Potions
 f - 5 potions of curing
 C - a potion of might
Comestibles
 e - 4 bread rations
 g - 2 beef jerkies
 l - a meat ration
 w - 2 chunks of flesh
 A - a slice of pizza


   Skills:
 - Level 2.4 Fighting
 * Level 9.4 Axes
 - Level 1.7 Throwing
 + Level 4.4 Armour
 - Level 2.4 Dodging
 + Level 5.3 Invocations


You had 7 spell levels left.
You didn't know any spells.

Dungeon Overview and Level Annotations

Branches:
Dungeon (6/15)
 Temple: D:4-7

Altars:
Gozag
Qazlal

Shops:
D:4 *


Innate Abilities, Weirdness & Mutations

You are surrounded by a mild repulsion field (EV +2).
You are agile. (Dex +2)
Your body sometimes deteriorates upon taking damage.
Your flesh is heat resistant.
Your magical capacity is low (-10% MP).
Potions and wands are less effective at restoring your health.


Message History

The black bear closely misses you. x2
The black bear completely misses you.
Drink which item? (? for menu, Esc to quit)
It was a potion of cancellation.
Your magical effects are unravelling.
Your magical contamination has completely faded away.
You feel magically purged.
You flicker back into view.
You feel a little less agile now.
You feel a little less clever now.
You hear a shout!
The black bear completely misses you. The black bear barely misses you.
The black bear barely misses you.
Drink which item? (? for menu, Esc to quit)
It was a potion of heal wounds.
You feel much better.
You float gracefully downwards.
The black bear closely misses you.
The black bear claws you but does no damage. x2
You slash the black bear!
The black bear is heavily wounded.
The orc warrior hits you from afar with a glaive!!
You die...

#####.....##.## #..............#.
.....[........# #.##..........#.
..............# #.##.#######....
..............####.##............
.....................########....
..............####.#.# #....
..............# #.#.# #....
............(o####.#.# .....
............ocoh@....# ##....
............oo####.### #....
..........(..(# #.#
......(.......## #.#
.........o..........
.......(............
......(......$.......
..............####.##
.......[......#


You could see an orc warrior, a black bear, a centaur, 2 orc wizards and 2 orcs.

Vanquished Creatures
  A water moccasin (D:5)
  An ice beast (D:6)
  A black bear (D:6)
  A water moccasin skeleton (D:6)
  A crimson imp (D:5)
  A giant frog zombie (D:6)
  2 orc priests (D:5)
  A hound (D:5)
  Ijyb (D:3)
  Jessica (D:3)
  3 worker ants
  Terence (D:3)
  2 iguanas
  An orc wizard (D:5)
  A hound skeleton (D:5)
  A worker ant zombie (D:5)
  5 adders
  2 oozes
  5 worms
  7 giant geckos
  5 orcs
  5 bats
  5 goblins
  6 hobgoblins
  4 ball pythons
  3 giant cockroaches
  5 giant newts
  5 jackals
  6 kobolds
  A quokka zombie (D:5)
  3 rats
87 creatures vanquished.

Vanquished Creatures (others)
  A hound zombie (D:6)
1 creature vanquished.

Grand Total: 88 creatures vanquished

Notes
Turn   | Place    | Note
--------------------------------------------------------------
     0 | D:1      | sveltemanboy the Hill Orc Gladiator began the quest for the Orb.
     0 | D:1      | Reached XP level 1. HP: 18/18 MP: 1/1
   429 | D:1      | Reached XP level 2. HP: 23/25 MP: 2/2
   807 | D:2      | Found a stormy altar of Qazlal.
   843 | D:2      | Reached skill level 1 in Armour
   866 | D:2      | Became a worshipper of Qazlal Stormbringer
  1002 | D:2      | Reached skill level 5 in Axes
  1221 | D:2      | Reached XP level 3. HP: 21/30 MP: 3/3
  1418 | D:2      | Reached skill level 1 in Invocations
  1760 | D:3      | Noticed Ijyb
  1784 | D:3      | Killed Ijyb
  1784 | D:3      | Reached XP level 4. HP: 34/37 MP: 3/5
  1932 | D:3      | Noticed Jessica
  1946 | D:3      | Killed Jessica
  1946 | D:3      | Reached skill level 6 in Axes
  1946 | D:3      | Reached XP level 5. HP: 13/42 MP: 6/6
  2321 | D:3      | Noticed Terence
  2344 | D:3      | Killed Terence
  2492 | D:3      | Reached * piety under Qazlal
  2873 | D:4      | Found an opulent altar of Gozag.
  3294 | D:4      | Reached skill level 7 in Axes
  3308 | D:4      | Reached XP level 6. HP: 38/50 MP: 8/8
  3413 | D:4      | Found Reef's Assorted Antiques.
  3418 | D:4      | Bought a scroll labeled CAEGETROAM for 21 gold pieces
  3418 | D:4      | Bought a scroll labeled CAEGETROAM for 21 gold pieces
  3827 | D:5      | Entered Level 5 of the Dungeon
  4184 | D:5      | Reached skill level 8 in Axes
  4184 | D:5      | Reached XP level 7. HP: 56/56 MP: 9/9
  4535 | D:6      | Reached skill level 9 in Axes
  4535 | D:6      | Reached skill level 5 in Invocations
  4660 | D:6      | Reached XP level 8. HP: 36/62 MP: 11/11
  4776 | D:6      | Gained mutation: Your body sometimes deteriorates upon taking damage. [potion of mutation]
  4776 | D:6      | Gained mutation: Your magical capacity is low (-10% MP). [potion of mutation]
  4776 | D:6      | Gained mutation: Your flesh is heat resistant. [potion of mutation]
  4777 | D:6      | Gained mutation: Potions and wands are less effective at restoring your health. [potion of mutation]
  4777 | D:6      | Gained mutation: You are agile. (Dex +2) [potion of mutation]
  4777 | D:6      | Gained mutation: You are surrounded by a mild repulsion field (EV +2). [potion of mutation]
  4780 | D:6      | Slain by an orc warrior

Action                   |  1- 3 |  4- 6 |  7- 9 || total
-------------------------+-------+-------+-------++-------
Melee: War axe           |    98 |    32 |       ||   130
       Broad axe         |       |   140 |    57 ||   197
Throw: Throwing net      |     7 |     3 |     1 ||    11
       Tomahawk          |       |       |     7 ||     7
  Use: Scroll            |     3 |     9 |       ||    12
       Potion            |       |     1 |    11 ||    12
  Eat: Chunk             |     3 |     8 |     1 ||    12
